 Dungeon Sprint DCSS version 0.23.2-1-ga50397a6bc (webtiles) character file.

Game seed: 17364626215672147622

1215 Kobolds4U the Thaumaturge (level 8, -4/52 HPs)
             Began as a Deep Elf Conjurer on Apr 24, 2019.
             Was a Follower of Vehumet.
             Slain by a demonic crawler (7 damage)
             ... in the Dungeon (Sprint I: "Red Sonja").
             The game lasted 00:07:44 (1104 turns).

Kobolds4U the Thaumaturge (Deep Elf Conjurer)       Turns: 1104, Time: 00:07:45

Health: -4/52      AC:  7    Str:  5    XL:     8   Next: 22%
Magic:  5/25       EV: 20    Int: 23    God:    Vehumet [*.....]
Gold:   122        SH:  0    Dex: 17    Spells: 12/30 levels left

rFire    + . .     SeeInvis .   b - +0 dagger
rCold    + . .     Gourm    .   (no shield)
rNeg     . . .     Faith    .   h - +1 robe {Archmagi}
rPois    .         Spirit   .   (no helmet)
rElec    .         Reflect  .   j - +0 cloak of the Arcane {rF+ rC+ Dex+2}
rCorr    .         Harm     .   (no gloves)
MR       .....     NoTele   +   a - +2 pair of boots
Stlth    ++........             (no amulet)
HPRegen  0.17/turn              (no ring)
MPRegen  0.19/turn              (no ring)

@: no status effects
A: screaming 1
a: Renounce Religion


You were in the Dungeon.
You worshipped Vehumet.
Vehumet was aware of your devotion.
You were not hungry.

You visited 1 branch You collected 416 gold pieces.
You spent 294 gold pieces at shops.

Inventory:

Hand Weapons
 b - a +0 dagger (weapon)
Armour
 a - a +2 pair of boots (worn)
 h - a +1 robe of the Archmagi (worn)
 j - the +0 cloak of the Arcane (worn) {rF+ rC+ Dex+2}
   (You bought it in a shop in the Dungeon)

   It affects your dexterity (+2).
   It protects you from fire.
   It protects you from cold.
Scrolls
 i - a scroll of blinking
Potions
 d - a potion of curing
 e - a potion of heal wounds
 g - a potion of magic
Comestibles
 c - a ration


   Skills:
 * Level 6.5 Fighting
 + Level 11.3 Dodging
 - Level 2.4 Stealth
 + Level 11.8 Spellcasting
 - Level 9.3 Conjurations
 - Level 5.2 Hexes
 - Level 5.6 Translocations


You had 12 spell levels left.
You knew the following spells:

 Your Spells              Type           Power        Failure   Level  Hunger
a - Magic Dart            Conj           ####         1%          1    None
b - Searing Ray           Conj           ######       1%          2    None
c - Dazzling Spray        Conj/Hex       ######       1%          3    None
d - Force Lance           Conj/Tloc      ######..     2%          4    None
e - Fulminant Prism       Conj/Hex       ######....   2%          4    None
f - Iskenderun's Mystic   Conj           ######..     1%          4    None

Your spell library contained the following spells:

 Spells                   Type           Power        Failure   Level  Hunger
 Sting                    Conj/Pois      ####         1%          1    None


Dungeon Overview and Level Annotations

Branches:
Dungeon (1/1)

Altars:
Cheibriados
Dithmenos
Elyvilon
Fedhas
Gozag
Hepliaklqana
Kikubaaqudgha
Makhleb
Nemelex Xobeh
Okawaru
Qazlal
Ru
Sif Muna
Trog
Uskayaw
Vehumet
Wu Jian
Xom
Yredelemnul
Zin
The Shining One
Jiyva
Lugonu

Shops:
D [


Innate Abilities, Weirdness & Mutations

You occasionally shout uncontrollably at your foes.


Message History

The demonic crawler hits you.
The demonic crawler hits you but does no damage.
The demonic crawler completely misses you.
The demonic crawler closely misses you. x2; The demonic crawler misses you.
The demonic crawler completely misses you.
The demonic crawler misses you.
The searing ray hits the demonic crawler!
The demonic crawler is severely wounded.
The searing ray hits the demonic crawler!
The demonic crawler is lightly wounded.
You finish channeling your searing ray.
The demonic crawler misses you.
The demonic crawler closely misses you. x2
The demonic crawler completely misses you.
The demonic crawler hits you!
* * * LOW HITPOINT WARNING * * *
The demonic crawler hits you.
* * * LOW HITPOINT WARNING * * *
The demonic crawler completely misses you.
The demonic crawler hits you!
You die...

#####################
.)..#..'..#__#..@ss.#
.#..'[.#..'^)'..#s..##+#
###'#####'#__####s..'..#
##..#...#.#### #####..+
_####..##.# ##
____##'#_.+ .∩...'..._#
..__##_.#'# ____###+#(#


You could see 4 demonic crawlers.

Vanquished Creatures
  2 kobold demonologists (D)
  A slime creature (D)
  Sigmund (D)
  A yak (D)
  A floating eye (D)
  An ogre (D)
  A jelly (D)
  Ijyb (D)
9 creatures vanquished.

Vanquished Creatures (others)
  2 fulminant prisms (D)
2 creatures vanquished.

Grand Total: 11 creatures vanquished

Notes
Turn   | Place    | Note
-------+----------+-------------------------------------------
     0 | D        | Kobolds4U the Deep Elf Conjurer began the quest for the
                  | Orb.
     0 | D        | Reached XP level 1. HP: 10/10 MP: 6/6
     1 | D        | Noticed Ijyb
    21 | D        | Killed Ijyb
    21 | D        | Reached skill level 5 in Dodging
    21 | D        | Reached skill level 5 in Conjurations
    21 | D        | Reached XP level 2. HP: 11/15 MP: 1/9
    45 | D        | Learned a level 2 spell: Searing Ray
   167 | D        | Noticed an ogre
   171 | D        | Killed an ogre
   171 | D        | Reached XP level 3. HP: 19/19 MP: 5/13
   171 | D        | Reached XP level 4. HP: 24/24 MP: 5/14
   178 | D        | Learned a level 3 spell: Dazzling Spray
   183 | D        | Learned a level 4 spell: Force Lance
   240 | D        | Noticed Sigmund
   243 | D        | Killed Sigmund
   243 | D        | Reached skill level 5 in Hexes
   243 | D        | Reached XP level 5. HP: 24/28 MP: 12/18
   295 | D        | Found an ornate altar of the Wu Jian Council.
   295 | D        | Found a deep blue altar of Sif Muna.
   297 | D        | Found a radiant altar of Vehumet.
   301 | D        | Reached XP level 6. HP: 22/32 MP: 15/19
   407 | D        | Found Hajikhla's Antique Armour Emporium.
   407 | D        | Found an ancient bone altar of Kikubaaqudgha.
   407 | D        | Found a hazy altar of Hepliaklqana.
   407 | D        | Found a hide-covered altar of Uskayaw.
   407 | D        | Found a basalt altar of Yredelemnul.
   407 | D        | Found an opulent altar of Gozag.
   407 | D        | Found a snail-covered altar of Cheibriados.
   407 | D        | Found a sacrificial altar of Ru.
   407 | D        | Found a shadowy altar of Dithmenos.
   407 | D        | Noticed a yak
   408 | D        | Found a stormy altar of Qazlal.
   408 | D        | Found a blossoming altar of Fedhas.
   408 | D        | Found a bloodstained altar of Trog.
   408 | D        | Found an iron altar of Okawaru.
   408 | D        | Found a glowing golden altar of the Shining One.
   408 | D        | Found a glowing silver altar of Zin.
   408 | D        | Found a white marble altar of Elyvilon.
   415 | D        | Killed a yak
   415 | D        | Reached skill level 5 in Translocations
   416 | D        | Found a sparkling altar of Nemelex Xobeh.
   420 | D        | Bought a smoking cloak for 294 gold pieces
   425 | D        | Identified the +0 cloak of the Arcane {rF+ rC+ Dex+2} (You
                  | bought it in a shop in the Dungeon)
   437 | D        | Became a worshipper of Vehumet
   648 | D        | Found a viscous altar of Jiyva.
   648 | D        | Found a corrupted altar of Lugonu.
   648 | D        | Noticed a slime creature
   649 | D        | Found a burning altar of Makhleb.
   649 | D        | Found a shimmering altar of Xom.
   657 | D        | Killed a slime creature
   657 | D        | Reached skill level 10 in Dodging
   657 | D        | Reached skill level 10 in Spellcasting
   657 | D        | Reached XP level 7. HP: 22/41 MP: 12/22
   812 | D        | Noticed a kobold demonologist
   812 | D        | Noticed a kobold demonologist
   813 | D        | Paralysed by a floating eye for 4 turns
   818 | D        | Noticed a neqoxec
   833 | D        | Noticed a rust devil
   833 | D        | Killed a kobold demonologist
   833 | D        | Reached * piety under Vehumet
   833 | D        | Offered knowledge of Sting by Vehumet.
   833 | D        | Reached skill level 5 in Fighting
   834 | D        | Gained mutation: You occasionally shout uncontrollably at
                  | your foes. [a neqoxec]
   855 | D        | Killed a kobold demonologist
   855 | D        | Reached XP level 8. HP: 14/52 MP: 20/25
  1087 | D        | Learned a level 4 spell: Fulminant Prism
  1092 | D        | Learned a level 4 spell: Iskenderun's Mystic Blast
  1092 | D        | Noticed a demonic crawler
  1092 | D        | Noticed a demonic crawler
  1092 | D        | Noticed a demonic crawler
  1092 | D        | Noticed a demonic crawler
  1104 | D        | Slain by a demonic crawler

Skill      XL: |  1  2  3  4  5  6  7 |
---------------+----------------------+-----
Dodging        | 5 6 8 10 11 | 11.3
Spellcasting   | 4 6 8 10 11 | 11.8
Conjurations   | 5 7 8 9 |  9.3
Hexes          | 5 |  5.2
Translocations | 4 5 |  5.6
Fighting       | 3 6 |  6.5
Stealth        | |  2.4

Action                   |  1- 3 |  4- 6 |  7- 9 || total
-------------------------+-------+-------+-------++-------
Melee: Unarmed           |    12 |       |       ||    12
       Club              |       |     1 |    11 ||    12
 Cast: Magic Dart        |     6 |       |     1 ||     7
       Searing Ray       |     1 |     6 |     6 ||    13
       Dazzling Spray    |       |       |     8 ||     8
       Fulminant Prism   |       |       |     2 ||     2
  Use: Potion            |     2 |       |     1 ||     3
 Stab: Sleeping          |       |     1 |       ||     1
Armor: Robe              |       |       |    20 ||    20
Dodge: Dodged            |    10 |     7 |   124 ||   141
